 Dungeon Crawl Stone Soup version 0.30-a0-778-g2ef04afb54 (webtiles) character file.

Game seed: 5698647877581901565

110 Heoruswealwe the Caller (level 4, -7/24 HPs)
             Began as a Deep Elf Summoner on Feb 15, 2023.
             Mangled by a hornet (13 damage)
             ... while paralysed by a hornet
             ... on level 4 of the Dungeon.
             The game lasted 00:34:56 (2834 turns).

Heoruswealwe the Caller (Deep Elf Summoner)         Turns: 2834, Time: 00:34:57

Health: -7/24      AC: 10    Str:  5    XL:     4   Next: 61%
Magic:  5/11       EV:  2    Int: 22    God:
Gold:   59         SH:  0    Dex: 15    Spells: 6/10 levels left

rFire   . . .      SeeInvis .    u - +0 rapier
rCold   . . .      Faith    .    (no shield)
rNeg    . . .      Spirit   .    B - +2 robe {Will+}
rPois   .          Reflect  .    l - +2 hat
rElec   .          Harm     .    (no cloak)
rCorr   .          Rampage  .    (no gloves)
Will    +....                    (no boots)
Stlth   ++                       (no amulet)
HPRegen 0.24/turn                z - +4 ring of protection
MPRegen 0.12/turn                (no ring)

@: paralysed, lethally poisoned (-7 -> -14)
A: no striking features
a: no special abilities


You were on level 4 of the Dungeon.
You visited 1 branch of the dungeon, and saw 4 of its levels.

You collected 129 gold pieces.
You spent 70 gold pieces at shops.

Inventory:

Hand Weapons
 c - a +0 dagger
 h - a +0 sling
 i - a +0 club
 j - a +0 dagger
 k - a +0 dagger
 m - a +0 mace
 n - a +0 whip
 q - a +0 whip
 u - a +0 rapier (weapon)
 v - a +0 spear
 x - a +0 sling
 A - a +0 whip
 C - a +0 club
 D - a +0 dagger
 E - a +0 war axe
 F - a +0 whip
 G - a +0 club
 H - a +0 hand axe
 K - a +0 trident
 L - a +0 dagger
 N - a +0 dagger
 O - a +0 flail
 S - a +0 dagger
 T - a +0 whip
 W - a +0 spear
 X - a +0 club
Missiles
 p - 28 stones
 J - 4 boomerangs
Armour
 a - a +0 robe
 e - a +0 robe
 g - a +0 ring mail
 l - a +2 hat (worn)
 r - a +0 ring mail
 t - a +0 ring mail
 y - a +0 leather armour
 B - a +2 robe of willpower (worn)
 I - a +0 ring mail
 M - a +0 leather armour
 P - a +0 ring mail
Jewellery
 f - a ring of ice
 z - a +4 ring of protection (left hand)
Wands
 U - a wand of flame (13)
Scrolls
 s - a scroll of amnesia
 Y - a scroll of teleportation
Potions
 b - a potion of magic
 d - a potion of flight
 o - a potion of lignification
 w - 3 potions of haste
 Q - a potion of might
 R - a potion of ambrosia
 V - a potion of mutation {unknown}


   Skills:
 + Level 0.3 Fighting
 + Level 0.4 Long Blades
 + Level 2.7 Dodging
 + Level 2.7 Stealth
 * Level 3.6 Spellcasting
 + Level 0.8 Conjurations
 + Level 0.9 Hexes
 * Level 4.6 Summonings
 + Level 1.0 Necromancy
 + Level 0.8 Translocations
 + Level 0.6 Transmutations
 + Level 0.5 Fire Magic
 + Level 1.0 Ice Magic
 + Level 0.3 Air Magic
 + Level 0.5 Earth Magic
 + Level 0.5 Poison Magic
 + Level 0.9 Invocations
 + Level 0.4 Evocations


You had 6 spell levels left.
You knew the following spells:

 Your Spells              Type           Power      Damage    Failure   Level
a - Summon Small Mammal   Summ           96%        N/A       1%          1
b - Call Canine Familiar  Summ           24%        N/A       5%          3

Your spell library contained the following spells:

 Spells                   Type           Power      Damage    Failure   Level
 Call Imp                 Summ           24%        N/A       2%          2
 Summon Guardian Golem    Hex/Summ       16%        N/A       11%         3
 Sublimation of Blood     Necr           8%         N/A       12%         2
 Wereblood                Tmut           6%         N/A       14%         2
 Summon Lightning Spire   Summ/Air       14%        N/A       38%         4
 Summon Hydra             Summ           12%        N/A       100%        7


Dungeon Overview and Level Annotations

Branches:
Dungeon (4/15)
 Temple: D:4-7

Altars:

Shops:
D:2 [


Message History

Confirm with . or Enter, or press ? or * to list all spells.
The spell is quite dangerous to miscast (5% risk of failure)!
Continue anyway?
Your bat misses the hornet.
The hornet completely misses your quokka.
The hornet barely misses your quokka.
Your quokka bites the hornet but does no damage.
Your bat barely misses the hornet.
The hornet stings your quokka!
Your quokka dies!
Your quokka's corpse disappears in a puff of smoke!
Your hound bites the hornet.
The hornet misses your hound.
Your hound bites the hornet.
The hornet closely misses your hound.
Your hound bites the hornet.
The hornet stings your hound!
Your hound seems to slow down.
Your hound barely misses the hornet.
The hornet stings your hound!
Your hound dies!
Your hound's corpse disappears in a puff of smoke!
Aiming: Throw Flame
Press: ? - help, Shift-Dir - straight line, f - hornet
Aim: a hornet (moderately wounded, 52% to hit)
The puff of flame hits the hornet but does no damage.
The hornet is moderately wounded.
Aiming: Throw Flame
Press: ? - help, Shift-Dir - straight line, f/p - hornet
Aim: a hornet (moderately wounded, 52% to hit)
The puff of flame misses the hornet.
You hit the hornet but do no damage.
The hornet is moderately wounded.
The hornet stings you!
You are poisoned.
You suddenly lose the ability to move!
The hornet stings you.
You feel yourself slow down.
You feel yourself speed up.
You feel very sick.
The hornet stings you but does no damage.
* * * LOW HITPOINT WARNING * * *
You feel very sick. The hornet stings you!
Ouch! That really hurt!
You die...

#... #. #.. .. #.
## ... .# # #.###..
... ...#. #.....#
#.# .....##.....#
##.#
.##........###.y##
.# ##......##..@.#
#.# #.......##....#
..###.......#.....#
†##......<........#
....†...........$.#
....#...##..#..#.##
##.##.#.#.....##..
#.#..#...........
##...##....8...8.


You could see a hornet.

Vanquished Creatures
  An adder (D:2)
  A dart slug (D:3)
  2 orcs (D:3)
  A ball python (D:1)
  4 bats
  3 endoplasms
  A goblin (D:2)
  5 hobgoblins
  A kobold (D:2)
  A quokka (D:2)
  3 frilled lizards
  2 rats
25 creatures vanquished.

Vanquished Creatures (collateral kills)
  2 adders (D:2)
  A worm (D:2)
  A dart slug (D:3)
  6 orcs (D:3)
  4 bats
  2 endoplasms
  A giant cockroach (D:1)
  4 goblins
  3 hobgoblins
  5 quokkas
  7 ball pythons
  A frilled lizard (D:3)
  A kobold (D:4)
  A rat (D:3)
39 creatures vanquished.

Grand Total: 64 creatures vanquished

Notes
Turn   | Place    | Note
-------+----------+-------------------------------------------
     0 | D:1      | Heoruswealwe the Deep Elf Summoner began the quest for the
                  | Orb.
     0 | D:1      | Reached XP level 1. HP: 10/10 MP: 6/6
   133 | D:1      | Reached XP level 2. HP: 13/15 MP: 6/8
  1158 | D:2      | Reached XP level 3. HP: 18/19 MP: 9/9
  1285 | D:2      | Learned a level 3 spell: Call Canine Familiar
  1434 | D:2      | Found Kengas's Antique Armour Emporium.
  1833 | D:2      | Bought a runed robe for 70 gold pieces
  1942 | D:3      | Reached XP level 4. HP: 23/24 MP: 6/10
  2160 | D:3      | Reached skill level 1 in Ice Magic
  2569 | D:3      | Reached skill level 1 in Necromancy
  2817 | D:4      | Noticed a hornet
  2832 | D:4      | Paralysed by a hornet for 3 turns
  2834 | D:4      | Mangled by a hornet

Illustrated notes

Levels and vault maps discovered:
D:1:      dpeg_arrival_boxes_within_box, layout_loops_ring
D:2:      layout_rooms, serial_shops, nicolae_lakefront_shop
D:3:      layout_loops_ring
D:4:      layout_rooms, kennysheep_mini, chequers_serial_rivers_micro_a,
          minmay_misc_feat_four_crosses, palyth_stone_intersect

Skill      XL: |  1  2  3  4 |
---------------+-------------+-----
Ice Magic      | 1 |  1.0
Necromancy     | 1 |  1.0
Fighting       | |  0.3
Long Blades    | |  0.4
Dodging        | |  2.7
Stealth        | |  2.7
Spellcasting   | |  3.6
Conjurations   | |  0.8
Hexes          | |  0.9
Summonings     | |  4.6
Translocations | |  0.8
Transmutations | |  0.6
Fire Magic     | |  0.5
Air Magic      | |  0.3
Earth Magic    | |  0.5
Poison Magic   | |  0.5
Invocations    | |  0.9
Evocations     | |  0.4

Action                     |  1- 3 |  4- 6 || total
---------------------------+-------+-------++-------
  Melee: Dagger            |    53 |       ||    53
         Rapier            |    19 |    25 ||    44
   Cast: Summon Small Mamm |    23 |     2 ||    25
         Call Canine Famil |     5 |     7 ||    12
  Evoke: Wand              |       |     2 ||     2
    Use: Scroll            |     6 |     3 ||     9
   Stab: Sleeping          |     1 |     2 ||     3
 Armour: Robe              |    21 |    11 ||    32
  Dodge: Dodged            |    52 |    11 ||    63

Table legend: (Time is in decaauts)
 A = Elapsed time spent in this place.
 B = Non-inter-level travel time spent in this place.
 C = Inter-level travel time spent in this place.
 D = Time resting spent in this place.
 E = Time spent auto-exploring this place.
 F = Levels seen in this place.
 G = Mean time per level.
                   A        B        C        D        E       F      G
               +--------+--------+--------+--------+--------+-----+--------+
         Total |   2845 |   2638 |    207 |    100 |      0 |   4 |  711.2 |
       Dungeon |   2845 |   2638 |    207 |    100 |      0 |   4 |  711.2 |
               +--------+--------+--------+--------+--------+-----+--------+

Top non-repeatable levels by time:
     D:1: 1179 daAuts
     D:2: 812 daAuts
     D:3: 767 daAuts
     D:4: 86 daAuts
